 Dungeon Crawl Stone Soup version 0.29.1-13-g9f3cf754e1 (webtiles) character file.

Game seed: 9690646676011236150

924 concernfroge the Ducker (level 7, -2/28 HPs)
             Began as a Felid Transmuter on Jan 28, 2023.
             Was a Follower of Okawaru.
             Killed from afar by a kobold (17 damage)
             ... with an iceblast
             ... on level 7 of the Dungeon.
             The game lasted 00:18:53 (8832 turns).

concernfroge the Ducker (Felid Transmuter)          Turns: 8832, Time: 00:18:53

Health: -2/28      AC:  2    Str:  6    XL:     7   Next: 84%
Magic:  6/11       EV: 29    Int: 14    God:    Okawaru [*.....]
Gold:   366        SH:  0    Dex: 30    Spells: 0/10 levels left
                                        Lives:  0   Deaths: 2

rFire   . . .      SeeInvis +     - Unarmed
rCold   . . .      Faith    .   (shield unavailable)
rNeg    . . .      Spirit   .   (body armour unavailable)
rPois   x          Reflect  .   (helmet unavailable)
rElec   .          Harm     .   (cloak unavailable)
rCorr   .          Rampage  .   (gloves unavailable)
Will    +....                   (boots unavailable)
Stlth   ++++......              j - amulet of the acrobat
HPRegen 0.09/turn               t - +6 ring of dexterity
MPRegen 0.12/turn               (no ring)

@: spider-form, wereblooded, studying Unarmed Combat
A: venomous fangs, tiny, (claws 1), (fangs 3), see invisible, (speed 1), (shaggy
fur 2), (stealthy paws), no weapons or thrown items, no armour, multi-lived
a: End Transformation, Renounce Religion, Heroism


You were on level 7 of the Dungeon.
You worshipped Okawaru.
Okawaru was aware of your devotion.
You were a venomous arachnid creature.
You visited 2 branches of the dungeon, and saw 8 of its levels.

You collected 366 gold pieces.

Inventory:

Jewellery
 j - an amulet of the acrobat (around neck)
 m - a ring of fire
 t - a +6 ring of dexterity (left front leg)
 u - an amulet of magic regeneration
Wands
 a - a wand of flame (50)
Scrolls
 d - 3 scrolls of vulnerability {unknown}
 e - a scroll of butterflies {unknown}
 f - a scroll of noise {unknown}
 g - 3 scrolls of enchant weapon {unknown}
 k - 2 scrolls of teleportation {unknown}
 l - a scroll of fear {unknown}
 n - a scroll of poison {unknown}
 p - 2 scrolls of amnesia {unknown}
 q - a scroll of brand weapon {unknown}
 r - 2 scrolls of magic mapping {unknown}
 s - a scroll of blinking {unknown}
 v - a scroll of immolation {unknown}
 w - 3 scrolls of identify
 x - a scroll of enchant armour {unknown}
Potions
 b - a potion of brilliance
 c - 4 potions of haste
 h - a potion of berserk rage
 i - a potion of heal wounds {unknown}
 o - 3 potions of curing


   Skills:
 - Level 1.0 Fighting
 + Level 7.1 Dodging
 + Level 7.0 Stealth
 + Level 6.2 Unarmed Combat
 - Level 2.0 Spellcasting
 + Level 5.9 Transmutations
 + Level 2.6 Ice Magic
 + Level 4.1 Poison Magic
 + Level 2.9 Invocations


You couldn't memorise any spells.
You knew the following spells:

 Your Spells              Type           Power      Damage    Failure   Level
a - Beastly Appendage     Tmut           34%        N/A       9%          1
b - Wereblood             Tmut           17%        N/A       11%         2
c - Spider Form           Tmut/Pois      15%        N/A       22%         3
d - Ice Form              Ice/Tmut       13%        N/A       61%         4

Your spell library contained the following spells:

 Spells                   Type           Power      Damage    Failure   Level
 Freeze                   Ice            32%        1d5       22%         1
 Apportation              Tloc           2%         N/A       45%         1
 Necrotise                Necr           4%         1d4       45%         1
 Frozen Ramparts          Ice            16%        1d3       45%         3
 Hailstorm                Conj/Ice       5%         3d4       92%         4
 Summon Small Mammal      Summ           Unusable   N/A       N/A         1
 Summon Mana Viper        Hex/Summ       Unusable   N/A       N/A         5
 Simulacrum               Ice/Necr       Unusable   N/A       N/A         6

Dungeon Overview and Level Annotations

Branches:
Dungeon (7/15)             Temple (1/1) D:6

Altars:
Ashenzari
Cheibriados
Dithmenos
Elyvilon
Fedhas
Gozag
Hepliaklqana
Kikubaaqudgha
Makhleb
Nemelex Xobeh
Okawaru
Qazlal
Ru
Trog
Uskayaw
Vehumet
Wu Jian
Xom
Yredelemnul
Zin
The Shining One


Innate Abilities, Weirdness & Mutations

You are a venomous arachnid creature.
You have poisonous fangs.
You are tiny and dextrous.
Your spellcasting is less reliable in this form.
((You have sharp claws.))
((You have razor-sharp teeth.))
You have supernaturally acute eyesight. (SInv)
((You cover ground quickly. (Speed+)))
((You are covered in thick fur. (AC +2)))
((Your paws help you pounce on unaware monsters.))
You are incapable of wielding weapons or throwing items.
You cannot wear armour.
You gain extra lives every three experience levels.


Message History

You feel sick.
You kill the kobold brigand!
Okawaru accepts your kill.
The kobold zaps a wand.
The mass of ice explodes!
The iceblast engulfs the kobold!
The kobold dies!
The iceblast engulfs you!
* * * LOW HITPOINT WARNING * * *
The iceblast engulfs the kobold!
The kobold dies!
You gain the combat prowess of a mighty hero.
* * * LOW HITPOINT WARNING * * *
You feel sick. The kobold completely misses you.
The kobold throws a stone.
The stone completely misses you.
You barely miss the kobold.
* * * LOW HITPOINT WARNING * * *
You feel sick.
The kobold zaps a wand.
The mass of ice explodes!
The iceblast engulfs you!
You die...
Your shape twists and changes as you die.
The iceblast engulfs the kobold!!
The kobold dies!
You are now level 7!
Your transformation has ended.
You rejoin the land of the living...
Casting: Spider Form (quite dangerous; 9% risk of failure)
Confirm with . or Enter, or press ? or * to list all spells.
Your blood is infused with primal strength.
Casting: Wereblood (safe; 3% risk of failure)
Confirm with . or Enter, or press ? or * to list all spells.
The spell is quite dangerous to miscast (9% risk of failure)!
Continue anyway?
You turn into a venomous arachnid creature.
The kobold zaps a wand.
The mass of ice explodes!
The iceblast engulfs you!
You hear a shout!
The kobold throws a stone.
The stone completely misses you. The kobold completely misses you.
You hit the kobold but do no damage.
The kobold is poisoned.
The kobold zaps a wand.
The mass of ice explodes!
The iceblast engulfs you!
Ouch! That really hurt!
You die...

...# ..# #. # ####..#
#..# .## $.##.
..##..###...#
...###....###.##...#....
........ ...#.##........
........###.#.#.....#
...... ...#.........#
#.....###K#.....#...##
#.......#.s...###....#
#†#......##....#
#))......###...#
#K)#......##...#
..)K##......##...##
.....###.......#....#
.....# #............#
....# #............##
.... #.............####


You could see 3 kobolds.

Vanquished Creatures
  A hornet (D:7)
  A steam dragon (D:6)
  A water moccasin (D:6)
  An ice beast (D:6)
  2 ogres
  A kobold brigand (D:7)
  2 bullfrogs
  A gnoll sergeant (D:7)
  4 scorpions
  A necrophage (D:6)
  3 wights (D:6)
  4 howler monkeys
  4 hounds (D:4)
  An orc priest (D:3)
  Jessica (D:3)
  4 iguanas
  2 orc wizards
  Terence (D:3)
  7 gnolls
  11 adders
  2 white imps
  An ufetubus (D:6)
  A dart slug (D:4)
  2 worms
  13 orcs
  9 ball pythons
  3 bats (D:3)
  10 endoplasms
  4 giant cockroaches
  5 goblins
  5 hobgoblins
  3 kobolds
  7 quokkas
  A frilled lizard (D:1)
  3 rats
122 creatures vanquished.

Vanquished Creatures (others)
  3 kobolds (D:7)
  11 fungi (D:4)
14 creatures vanquished.

Grand Total: 136 creatures vanquished

Notes
Turn   | Place    | Note
-------+----------+-------------------------------------------
     0 | D:1      | concernfroge the Felid Transmuter began the quest for the
                  | Orb.
     0 | D:1      | Reached XP level 1. HP: 9/9 MP: 4/4
   297 | D:1      | Reached skill level 1 in Stealth
   306 | D:1      | Reached XP level 2. HP: 9/12 MP: 6/6
   309 | D:1      | Learned a level 2 spell: Wereblood
   460 | D:1      | Found a faded altar of an unknown god.
  1438 | D:2      | Reached XP level 3. HP: 15/15 MP: 4/7
  1442 | D:2      | Learned a level 3 spell: Spider Form
  1762 | D:2      | Got the Excursus on the Cursed Iceberg
  2195 | D:3      | Reached XP level 4. HP: 19/19 MP: 4/8
  2196 | D:3      | Noticed Jessica
  2202 | D:3      | Reached skill level 1 in Poison Magic
  2207 | D:3      | Killed Jessica
  2216 | D:3      | Reached XP level 5. HP: 22/22 MP: 3/9
  2326 | D:3      | Identified the +0 ring mail "Jaeprox" {rF+}
  2740 | D:3      | Noticed Terence
  2750 | D:3      | Killed Terence
  3331 | D:4      | HP: 1/22 [white imp/puff of frost (6)]
  3985 | D:4      | Found a broken altar of Ashenzari.
  3985 | D:4      | Found an ancient bone altar of Kikubaaqudgha.
  4010 | D:4      | Found a blossoming altar of Fedhas.
  4015 | D:4      | Gained mutation: You are covered in thick fur. (AC +2)
                  | [Felid growth]
  4015 | D:4      | Reached XP level 6. HP: 25/25 MP: 10/10
  4341 | D:4      | Reached skill level 5 in Dodging
  4896 | D:5      | Entered Level 5 of the Dungeon
  5079 | D:5      | Reached XP level 7. HP: 13/28 MP: 6/11
  5488 | D:5      | Reached skill level 5 in Stealth
  5988 | D:6      | Found a staircase to the Ecumenical Temple.
  5993 | Temple   | Entered the Ecumenical Temple
  6237 | Temple   | Became a worshipper of Warmaster Okawaru
  6243 | Temple   | Learned a level 4 spell: Ice Form
  6269 | D:6      | Succumbed to a water moccasin's poison
  6270 | D:6      | Reached XP level 6. HP: -2/25 MP: 7/10
  6286 | D:6      | Killed a water moccasin
  6297 | D:6      | HP: 1/25 [poisoned by a water moccasin]
  6656 | D:6      | Reached XP level 7. HP: 23/28 MP: 5/11
  6922 | D:6      | Reached skill level 5 in Unarmed Combat
  6922 | D:6      | Reached skill level 1 in Invocations
  7119 | D:5      | Reached skill level 1 in Ice Magic
  7301 | D:6      | Reached skill level 5 in Transmutations
  7644 | D:6      | Reached * piety under Okawaru
  7645 | D:6      | Reached XP level 8. HP: 32/32 MP: 7/12
  8150 | D:7      | Noticed a hornet
  8171 | D:7      | Killed a hornet
  8500 | D:7      | Reached ** piety under Okawaru
  8771 | D:7      | Killed from afar by a kobold
  8772 | D:7      | Reached XP level 7. HP: -8/28 MP: 5/11
  8832 | D:7      | Killed from afar by a kobold

Illustrated notes

Levels and vault maps discovered:
D:1:      mrwooster_arrival_statue_3, layout_loops_ring,
          ebering_ecumenical_altar_mist, minmay_shallow_snake_nest
D:2:      layout_basic
D:3:      layout_basic, uniq_terence, uniq_jessica
D:4:      layout_loops_ring, gammafunk_temple_overflow_forgotten,
          hangedman_decor_diamond_cutter, dreamdust_gnoll_farm
D:5:      layout_basic
D:6:      layout_basic, minmay_temple_entry_sparse_star
D:7:      layout_layer_cave, hangedman_abyss_or_decor_stabs,
          palyth_stone_intersect
Temple:   mainiacjoe_temple_bowtie_tessellation

Skill      XL: |  1  2  3  4  5  6  7  8 |
---------------+-------------------------+-----
Dodging        | 3 4 5 6 7 |  7.1
Stealth        | 1 2 3 4 6 7 |  7.0
Transmutations | 3 4 5 |  5.9
Poison Magic   | 1 3 4 |  4.1
Unarmed Combat | 4 5 6 |  6.2
Invocations    | 1 2 |  2.9
Ice Magic      | 1 2 |  2.6
Fighting       | |  1.0
Spellcasting   | |  2.0

Action                   |  1- 3 |  4- 6 |  7- 9 || total
-------------------------+-------+-------+-------++-------
Melee: Unarmed           |    87 |   149 |   139 ||   375
       Bite              |     8 |     4 |     2 ||    14
       Punch             |     3 |     1 |     2 ||     6
       Headbutt          |     6 |     9 |     1 ||    16
 Cast: Beastly Appendage |    18 |     8 |     1 ||    27
       Wereblood         |    10 |    13 |    16 ||    39
       Spider Form       |       |    10 |    18 ||    28
       Ice Form          |       |       |     4 ||     4
Invok: Heroism           |       |       |     1 ||     1
  Use: Potion            |     1 |     1 |     1 ||     3
       Scroll            |       |       |     4 ||     4
 Stab: Sleeping          |     6 |    18 |     5 ||    29
       Distracted        |       |     1 |       ||     1
Armor: Skin              |     6 |    10 |     3 ||    19
Dodge: Dodged            |    62 |   138 |   136 ||   336
